 Dungeon Crawl Stone Soup version 0.30-a0-949-g53dc5368d7 (webtiles) character file.

Game seed: 13131636113139155709

50 bande the Covered (level 3, -1/24 HPs)
             Began as a Gargoyle Fighter on Mar 28, 2023.
             Slain by a gnoll
             ... wielding a +0 halberd
              (8 damage)
             ... on level 2 of the Dungeon.
             The game lasted 00:01:11 (562 turns).

bande the Covered (Gargoyle Fighter)                 Turns: 562, Time: 00:01:11

Health: -1/24      AC: 10    Str: 19    XL:     3   Next: 79%
Magic:  3/3        EV:  9    Int:  8    God:
Gold:   58         SH:  4    Dex: 11    Spells: 2/2 levels left

rFire   . . .      SeeInvis .    a - +0 war axe
rCold   . . .      Faith    +    c - +0 buckler
rNeg    + . .      Spirit   .    b - +0 scale mail
rPois   ∞          Reflect  .    (no helmet)
rElec   +          Rampage  .    (no cloak)
rCorr   .                        (no gloves)
Will    .....                    (no boots) Stlth
                                 g - amulet of faith
HPRegen 0.24/turn                (no ring)
MPRegen 0.08/turn                (no ring)

@: no status effects
A: sickness immunity, AC +3, negative energy resistance 1, electricity
resistance, torment resistance 1, petrification resistance
a: no special abilities


You were on level 2 of the Dungeon.
You visited 1 branch of the dungeon, and saw 2 of its levels.

You collected 58 gold pieces.

Inventory:

Hand Weapons
 a - a +0 war axe (weapon)
Armour
 b - a +0 scale mail (worn)
 c - a +0 buckler (worn)
Jewellery
 g - an amulet of faith (around neck)
Scrolls
 e - a scroll of vulnerability {unknown}
 f - a scroll of poison {unknown}
 h - 2 scrolls of enchant armour {unknown}
 j - a scroll of teleportation {unknown}
 k - 2 scrolls of identify {unknown}
Potions
 d - 2 potions of might
 i - a potion of magic {unknown}
 l - a potion of curing {unknown}


   Skills:
 + Level 3.7 Fighting
 + Level 2.4 Axes
 + Level 3.8 Armour
 + Level 3.7 Shields


You had 2 spell levels left.
You didn't know any spells.
Your spell library contained the following spells:

 Spells                   Type           Power      Damage    Failure   Level
 Ozocubu's Armour         Ice            0%         N/A       99%         3
 Ozocubu's Refrigeration  Ice            0%         4d7       100%        7


Dungeon Overview and Level Annotations

Branches:
Dungeon (1/15)

Altars:


Innate Abilities, Weirdness & Mutations

You are immune to sickness and miasma.
Your stone body is resilient. (AC +3)
You are immune to poison.
You resist negative energy. (rN+)
You are resistant to electric shocks. (rElec)
You are resistant to unholy torment.
You are immune to petrification.


Message History

A hobgoblin comes into view.
The gnoll hits you but does no damage.
You barely miss the gnoll. You hit the kobold but do no damage.
A gnoll comes into view. It is wielding a +0 spear.
The gnoll closely misses you. You block the kobold's attack.
You closely miss the gnoll. You barely miss the kobold.
The gnoll shouts!
The gnoll hits you but does no damage.
The kobold hits you with a +1 whip of electrocution. x2
The gnoll hits you but does no damage.
A gnoll comes into view. It is wielding a +0 halberd.
The gnoll shouts!
You hit the gnoll.
The gnoll is moderately wounded.
You closely miss the kobold. The gnoll hits you but does no damage.
You block the kobold's attack.
You barely miss the gnoll.
The gnoll is moderately wounded.
You hit the kobold.
You kill the kobold!
You hit the gnoll.
The gnoll is heavily wounded.
You closely miss the hobgoblin. The gnoll hits you but does no damage.
The hobgoblin hits you but does no damage.
The gnoll closely misses you. The hobgoblin completely misses you.
The gnoll barely misses you.
You hit the gnoll but do no damage.
The gnoll is heavily wounded.
You hit the hobgoblin. The gnoll barely misses you. x2
The hobgoblin hits you but does no damage.
You slash the gnoll!
You kill the gnoll!
You hit the hobgoblin.
You kill the hobgoblin!
The gnoll hits you from afar with a +0 spear.
The gnoll hits you but does no damage. The gnoll barely misses you.
The gnoll hits you with a +0 spear!
* * * LOW HITPOINT WARNING * * *
The gnoll hits you with a +0 halberd!
You die...

#...... ##### ##...###
...# #....#
#####.#######....### #
#..................>
#.###.###.##...##.######
#........)##...##.###
.#....)...#........####
#....@)..#............
#...gg...#......†.....
#..........#...####.....
#..........#...# #.....
#.>........# #.....
...........# ######
...######### ...


You could see 2 gnolls.

Vanquished Creatures
  2 gnolls
  A dart slug (D:1)
  2 ball pythons (D:1)
  2 endoplasms (D:1)
  3 giant cockroaches
  2 hobgoblins
  3 jackals (D:1)
  3 quokkas
  3 frilled lizards
  2 goblins
  5 kobolds
  A rat (D:2)
29 creatures vanquished.

Notes
Turn   | Place    | Note
-------+----------+-------------------------------------------
     0 | D:1      | bande the Gargoyle Fighter began the quest for the Orb.
     0 | D:1      | Reached XP level 1. HP: 14/14 MP: 1/1
    35 | D:1      | Reached XP level 2. HP: 11/19 MP: 2/2
   352 | D:1      | Reached XP level 3. HP: 23/23 MP: 3/3
   422 | D:1      | Found a faded altar of an unknown god.
   424 | D:1      | You fall into a shaft and drop 1 floor!
   562 | D:2      | Slain by a gnoll

Illustrated notes

Levels and vault maps discovered:
D:1:      lightli_arrival_statue_moat, layout_rooms,
          ebering_ecumenical_altar_rust
D:2:      layout_basic, minmay_pentomino_t4

Skill      XL: |  1  2 |
---------------+-------+-----
Axes           | 2 |  2.4
Fighting       | |  3.7
Armour         | |  3.8
Shields        | |  3.7

Action                     || total
---------------------------++-------
  Melee: War axe           ||    99
 Armour: Scale mail        ||    72
  Dodge: Dodged            ||    66
  Block: Buckler           ||    30

Table legend: (Time is in decaauts)
 A = Elapsed time spent in this place.
 B = Non-inter-level travel time spent in this place.
 C = Inter-level travel time spent in this place.
 D = Time resting spent in this place.
 E = Time spent auto-exploring this place.
 F = Levels seen in this place.
 G = Mean time per level.
                   A        B        C        D        E       F      G
               +--------+--------+--------+--------+--------+-----+--------+
         Total |    603 |    603 |      0 |    142 |    247 |   2 |  301.5 |
       Dungeon |    603 |    603 |      0 |    142 |    247 |   2 |  301.5 |
               +--------+--------+--------+--------+--------+-----+--------+

Top non-repeatable levels by time:
     D:1: 450 daAuts
     D:2: 153 daAuts
